 Dungeon Crawl Stone Soup version 0.30-a0-883-g5ad918d77d (webtiles) character file.

Game seed: 5712863014966494723

14 Jeffwins the Vexing (level 2, 0/19 HPs)
             Began as a Human Wanderer on Mar 16, 2023.
             Slain by a jackal (2 damage)
             ... on level 1 of the Dungeon.
             The game lasted 00:00:48 (327 turns).

Jeffwins the Vexing (Human Wanderer)                 Turns: 327, Time: 00:00:49

Health: 0/19       AC:  3    Str: 11    XL:     2   Next: 55%
Magic:  4/4        EV: 11    Int: 15    God:
Gold:   28         SH:  0    Dex: 10    Spells: 3/3 levels left

rFire   . . .      SeeInvis .    a - +0 club
rCold   . . .      Faith    .    (no shield)
rNeg    . . .      Spirit   .    c - +0 robe
rPois   .          Reflect  .    (no helmet)
rElec   .          Rampage  .    (no cloak)
rCorr   .                        d - +0 pair of gloves
Will    .....                    (no boots)
Stlth   +                        (no amulet)
HPRegen 0.23/turn                (no ring)
MPRegen 0.09/turn                (no ring)

@: no status effects
A: no striking features
a: no special abilities


You were on level 1 of the Dungeon.
You visited 1 branch of the dungeon, and saw 1 of its levels.

You collected 28 gold pieces.


   Skills:
 - Level 1.0 Armour
 - Level 1.0 Dodging
 + Level 1.2 Stealth
 * Level 1.4 Spellcasting
 * Level 1.4 Conjurations
 - Level 4.0 Hexes
 * Level 0.7 Earth Magic
 - Level 1.0 Evocations


You had 3 spell levels left.
You didn't know any spells.
Your spell library contained the following spells:

 Spells                   Type           Power      Damage    Failure   Level
 Slow                     Hex            52%        N/A       4%          1
 Ensorcelled Hibernation  Hex/Ice        14%        N/A       16%         2
 Shock                    Conj/Air       12%        1d3       17%         1
 Stone Arrow              Conj/Erth      8%         3d7       41%         3
 Cause Fear               Hex            6%         N/A       41%         4

Inventory:

Hand Weapons
 a - a +0 club (weapon)
Armour
 c - a +0 robe (worn)
 d - a +0 pair of gloves (worn)
Scrolls
 b - a scroll of fog

Dungeon Overview and Level Annotations

Branches:
Dungeon (1/15)

Altars:

#.........# #.........#
#.........# #.........#
#.........# #.#†)...###
# #.#.###l###########
..###.#.# #h#.........#
.......)# #@#.........#
........# #.#.........#
........###.#.........#
...........[#.........#
.......###..#.........#
....... #..#>........#
#......###..#.........#
#.....................#
###########.####)######


You could see a jackal and a frilled lizard.


Message History

The jackal barely misses you.
You closely miss the jackal. Your punch misses the jackal.
The jackal is almost dead.
The jackal closely misses you. The jackal bites you.
* * * LOW HITPOINT WARNING * * *
A frilled lizard comes into view.
You barely miss the jackal.
The jackal is severely wounded.
The frilled lizard hisses angrily.
The jackal bites you.
* * * LOW HITPOINT WARNING * * *
The jackal bites you.
* * * LOW HITPOINT WARNING * * *
You barely miss the jackal.
The jackal is severely wounded.
The jackal bites you but does no damage.
You aren't carrying any potions.
Unknown command.
You barely miss the jackal.
The jackal is severely wounded.
The jackal barely misses you. x2
You closely miss the jackal.
The jackal is severely wounded.
The jackal bites you.
* * * LOW HITPOINT WARNING * * *
The jackal bites you but does no damage.
You hit the jackal but do no damage.
The jackal is severely wounded.
The jackal bites you.
You die...

Action                     || total
---------------------------++-------
  Melee: Club              ||    89
         Punch             ||     1
 Armour: Robe              ||    29
  Dodge: Dodged            ||    73

Levels and vault maps discovered:
D:1:      lemuel_arrival_river_ford, layout_basic

Notes
Turn   | Place    | Note
-------+----------+-------------------------------------------
     0 | D:1      | Jeffwins the Human Wanderer began the quest for the Orb.
     0 | D:1      | Jeffwins set off with the following items: a +0 club, a
                  | scroll of fog, a +0 robe, a +0 pair of gloves; and the
                  | following spells available to memorise: Slow, Ensorcelled
                  | Hibernation, Shock, Cause Fear, Stone Arrow.
     0 | D:1      | Reached XP level 1. HP: 13/13 MP: 2/2
   170 | D:1      | Reached XP level 2. HP: 13/19 MP: 3/3
   327 | D:1      | Slain by a jackal

Vanquished Creatures
  3 goblins (D:1)
  3 hobgoblins (D:1)
  A jackal (D:1)
  A kobold (D:1)
  A bat (D:1)
  A frilled lizard (D:1)
  2 rats (D:1)
12 creatures vanquished.

Table legend: (Time is in decaauts)
 A = Elapsed time spent in this place.
 B = Non-inter-level travel time spent in this place.
 C = Inter-level travel time spent in this place.
 D = Time resting spent in this place.
 E = Time spent auto-exploring this place.
 F = Levels seen in this place.
 G = Mean time per level.
                   A        B        C        D        E       F      G
               +--------+--------+--------+--------+--------+-----+--------+
         Total |    355 |    355 |      0 |     26 |    164 |   1 |  355.0 |
       Dungeon |    355 |    355 |      0 |     26 |    164 |   1 |  355.0 |
               +--------+--------+--------+--------+--------+-----+--------+

Top non-repeatable levels by time:
     D:1: 355 daAuts

Table legend:
 A = Non-vault XP
 B = Vault XP
 C = Vault XP percentage of total XP
 D = Non-vault monster count
 E = Vault monster count
 F = Vault count percentage of total count
                 A         B        C        D         E       F
            +---------+---------+-------+---------+---------+-------
      Total |      20 |       0 |   0.0 |      12 |       0 |   0.0
            +---------+---------+-------+---------+---------+-------
        D:1 |      20 |       0 |   0.0 |      12 |       0 |   0.0
            +---------+---------+-------+---------+---------+-------
